Aaaaargghh!, neutral female human Valkyrie ---- --- --- |..---..-- --- -----... -- ...|....---- --- ---- --.--- --..... --.-- -...........------.---..| |....| ----.....| --...| |......- -.^............-- -..>| --.|.....- |....-- |.....- -..............---.).| |........----- |.....----....| |....................| |............| ----....|....-- --...................-- --...........| |-.......--------.................-..-----...........-- ----................................^....--.........)....-- --.|........---I..---------............................!...-- |....---.|.--|....| |.......................--...)....---- |....| -------.---- -.---..--.|.--.--.....-----..........--- |.|.-- |...| ..| -------------....-- ---..........| ----- ---.--- --- |.....| --...).....)| --...| --.(..| |..........-- |.[--- ---.-- |.......*..| |..| -- ---...<.|.-- ---- ----.---- --- Aaaaargghh! the Fighter Experience level: 9 Strength: 16 Dexterity: 15 Constitution: 17 Intelligence: 11 Wisdom: 10 Charisma: 9 Health: 0(80) Energy: 24(24) Def: 7 Gold: 0 Moves: 10529 Dungeon seed: 6clJQpQMym3hJO-R Game ID: Aaaaargghh!_1458811060 Your Inventory: Amulets x - an uncursed amulet of strangulation Weapons a - a greased +1 long sword (weapon in hand) f - a +0 bow w - a +0 shuriken z - a +0 crossbow named NEUTRE A - a poisoned +0 orcish arrow B - 10 +0 crossbow bolts (in quiver) G - a -2 dagger I - a +0 silver saber L - 13 +2 crossbow bolts R - 13 +1 crossbow bolts T - 13 blessed +0 crossbow bolts Armor q - an uncursed +1 pair of low boots (being worn) r - an uncursed +1 helm of brilliance (being worn) N - an uncursed +0 ring mail (being worn) Comestibles c - 4 uncursed food rations g - an uncursed banana k - 2 uncursed lizard corpses p - 3 uncursed eggs Scrolls v - an uncursed scroll of teleportation O - an uncursed scroll of enchant weapon Potions M - an uncursed potion of confusion P - an uncursed potion of sickness W - an uncursed potion of speed Wands l - a wand of light (0:13) t - a blessed wand of polymorph (0:2) F - a wand of speed monster (0:5) V - a wand of striking (0:5) Tools d - an expensive camera (0:71) h - a can of grease (0:19) o - 4 blessed tallow candles (0:200) y - an uncursed blindfold C - 4 uncursed wax candles (0:400) D - an uncursed leash named NEUTRE E - a +0 pick-axe H - an uncursed bag of holding J - an uncursed lock pick K - 8 uncursed tallow candles (0:200) Q - an uncursed magic whistle Gems e - an uncursed worthless piece of red glass Contents of the bag of holding: 2909 gold pieces 2 uncursed food rations 2 uncursed fortune cookies an uncursed pancake 2 uncursed slime molds an uncursed tin of red mold 2 uncursed tins of werejackal meat a blessed scroll of earth an uncursed scroll of earth an uncursed scroll of food detection an uncursed scroll of gold detection an uncursed scroll of scare monster an uncursed scroll of stinking cloud a blessed scroll of taming an uncursed scroll of teleportation an uncursed potion of blindness an uncursed potion of gain energy an uncursed potion of monster detection an uncursed potion of object detection an uncursed potion of oil an uncursed potion of sleeping an uncursed ring of polymorph control an uncursed ring of sustain ability an uncursed ring of teleport control a wand of nothing (0:4) a wand of secret door detection (0:11) an uncursed worthless piece of red glass Spells and supernatural/magical abilities: Name Level Category Fail Memory W - pray for help -- divine ? -- Your skills at the end: Fighting Skills Weapon Skills dagger [Basic] long sword [Basic] Spellcasting Skills Final Attributes: You were piously aligned. You were cold resistant. You were poison resistant. You were telepathic. You were stealthy. You could teleport. You were fast. You were lucky. You are dead. Vanquished creatures: a baby red dragon 2 giant mimics 2 small mimics a gelatinous cube a freezing sphere 2 tengu 2 elf mummies a leather golem a chameleon a quivering blob 6 winter wolf cubs a gremlin a spotted jelly a leprechaun 2 vampire bats an orc mummy 2 brown puddings a rust monster an owlbear a yeti 2 lizards a dwarf lord a blue jelly a dust vortex a raven a gnome mummy 2 snakes a human zombie a rope golem 3 Woodland-elves a soldier ant 2 imps a quasit a wood nymph a water nymph 10 Uruk-hai a rock piercer 2 ponies 2 fog clouds 2 yellow lights 3 shriekers a violet fungus 8 gnome lords 2 gnomish wizards a red naga hatchling a guardian naga hatchling 3 gray oozes an elf zombie 3 ghouls 4 giant ants 2 floating eyes 2 kittens 8 dwarves 3 kobold lords a kobold shaman 8 rothes a giant bat a monkey 2 orc zombies a dwarf zombie a wererat a werejackal 4 iguanas 3 acid blobs a coyote 5 hobbits 4 large kobolds 7 giant rats 9 cave spiders 2 brown molds 3 green molds 2 red molds 25 gnomes 6 garter snakes 5 gnome zombies 7 geckos 10 jackals a fox 3 kobolds 12 sewer rats 12 grid bugs 5 lichens a kobold zombie 4 newts 257 creatures vanquished. Voluntary challenges: You had been an atheist until turn 3397. You used a wielded weapon 478 times, starting on turn 3. You read items or engraved 22 times, starting on turn 1577. You never genocided any monsters. You never polymorphed an object. You never changed form. You used no wishes. You split 1 pudding, starting on turn 6009. You wrote Elbereth's name 10 times, starting on turn 2595. You violated your moral code, losing 50 points of alignment, starting on turn 6587. Dungeon overview: The Dungeons of Doom: levels 1 to 10 Level 1 a long staircase Level 2 a fountain Level 3 a weapon shop stairs to The Gnomish Mines Level 4 (Enfoire de leprechaun! s'est refugie au magasin) a scroll shop, a fountain Level 5 a potion shop, a sink Level 6 Level 7 Level 8 many fountains Level 9 an altar to Loki stairs to Sokoban Level 10 The Gnomish Mines: levels 4 to 6 Level 4 stairs to The Dungeons of Doom Level 5 <- You were here Level 6 a lighting shop, a fountain, some trees Sokoban: levels 5 to 8 Level 5 Level 6 Level 7 Level 8 stairs to The Dungeons of Doom History has recorded: On T:1 you entered the Dungeons of Doom to retrieve the Amulet of Yendor! On T:2 you reached level 2 of The Dungeons of Doom. On T:291 you advanced to experience level 2. On T:649 you reached level 3 of The Dungeons of Doom. On T:827 you advanced to experience level 3. On T:934 you reached level 4 of The Dungeons of Doom. On T:1061 you advanced to experience level 4. On T:1108 you reached level 1 of The Gnomish Mines. On T:1263 you reached level 5 of The Dungeons of Doom. On T:1608 you advanced to experience level 5. On T:1833 you reached level 6 of The Dungeons of Doom. On T:3023 you reached level 7 of The Dungeons of Doom. On T:3400 you advanced to experience level 6. On T:3648 you reached level 8 of The Dungeons of Doom. On T:3968 you advanced to experience level 7. On T:4041 you reached level 9 of The Dungeons of Doom. On T:4232 you reached level 4 of Sokoban. On T:4329 you reached level 10 of The Dungeons of Doom. On T:4680 you reached level 3 of Sokoban. On T:5430 you reached level 2 of Sokoban. On T:5880 you advanced to experience level 8. On T:5963 you reached level 1 of Sokoban. On T:9480 you advanced to experience level 9. On T:9947 you reached level 2 of The Gnomish Mines. Score breakdown: Gold: 2909 (11782 points) Experience: 9 levels (15756 points) Exploration: 10 levels ( 21.74%) (13416 points) Discoveries: 21 items ( 8.54%) ( 8765 points) Valuables value: (no points given unless you survive) Artifact value: 0 ( 0 points) Variety of kills: 84 monsters ( 22.05%) (14086 points) Turncount: 10529 turns (-2454 points) Survival: died (score multiplied by 80%) Total score: 49080 Latest messages: The potion of sleeping misses the white unicorn. An uncursed potion of sleeping shatters! You smell a peculiar odor... You feel rather tired. It butts! It just misses! It butts! It kicks! It butts! It kicks! It butts! It kicks! It butts! It kicks! It butts! It just misses! It butts! It kicks! It butts! It kicks! You die... Final status: Farvel Aaaaargghh! the Valkyrie, killed by a white unicorn, while sleeping off potion vapours... You died in The Gnomish Mines on dungeon level 5 with 49080 points, and 2909 pieces of gold, after 10529 moves. You were level 9 with a maximum of 80 hit points when you died.